 Dungeon Crawl Stone Soup version 0.20.0-10-g0535bb4 (webtiles) character file.

2630 Gorglomux the Covert (level 9, -8/71 HPs)
             Began as a Vampire Assassin on June 4, 2017.
             Was an Initiate of Kikubaaqudgha.
             Mangled by a crocodile (16 damage)
             ... on level 7 of the Dungeon.
             The game lasted 00:15:52 (11838 turns).

Gorglomux the Covert (Vampire Assassin)            Turns: 11838, Time: 00:15:53

Health: -8/71      AC:  4    Str: 10    XL:     9   Next: 35%
Magic:  9/9        EV: 12    Int: 17    God:    Kikubaaqudgha [......]
Gold:   300        SH:  0    Dex: 15    Spells: 8/8 levels left

rFire    . . .     SeeInvis +   b - +0 blowgun
rCold    + . .     Gourm    .   (no shield)
rNeg     + + .     Faith    .   c - +0 robe
rPois    +         Spirit   .   (no helmet)
rElec    .         Reflect  .   y - +0 cloak
rCorr    .         Harm     .   P - +0 pair of gloves
MR       +....                  (no boots)
Stlth    ++++++....             (no amulet)
Regen    0.1/turn               m - ring of protection from magic
MPRegen  0.2/turn               (no ring)

@: regenerating slowly
A: fangs 3, see invisible, unbreathing
a: Bat Form, Renounce Religion


You were on level 7 of the Dungeon.
You worshipped Kikubaaqudgha.
Kikubaaqudgha was noncommittal.
You were near bloodless.

You visited 2 branches of the dungeon, and saw 8 of its levels.

You collected 300 gold pieces.

Inventory:

Hand Weapons
 a - a +2 dagger
 b - a +0 blowgun (weapon)
Missiles
 e - 20 poisoned needles
 u - 2 needles of confusion (quivered)
Armour
 c - a +0 robe (worn)
 y - a +0 cloak (worn)
 J - a +0 cloak
 P - a +0 pair of gloves (worn)
Jewellery
 m - a ring of protection from magic (left hand)
Wands
 D - a wand of digging (15/24)
 U - a wand of flame (7/48)
Scrolls
 g - 3 scrolls of remove curse
 v - a scroll of enchant weapon {unknown}
 z - a scroll of magic mapping {unknown}
 A - a scroll of blinking {unknown}
 F - a scroll of immolation {unknown}
 H - 2 scrolls of enchant armour {unknown}
 K - 2 scrolls of amnesia {unknown}
 L - 2 scrolls of fog
 N - a scroll of fear {unknown}
 S - a scroll of recharging {unknown}
 T - 3 scrolls of teleportation
 W - 2 scrolls of silence {unknown}
Potions
 d - 8 potions of blood
 t - a potion of haste
 w - 3 potions of ambrosia
 x - 4 potions of resistance
 B - a potion of agility {unknown}
 C - a potion of mutation {unknown}
 E - 4 potions of brilliance
 G - a potion of heal wounds
 M - 2 potions of flight
 Q - 3 potions of curing
Books
 O - a book of Minor Magic

   Spells                             Type                      Level
   a - Magic Dart                     Conjuration                  1
   b - Blink                          Translocation                2
   c - Call Imp                       Summoning                    2
   d - Slow                           Hexes                        2
   e - Conjure Flame                  Conjuration/Fire             3
   f - Mephitic Cloud                 Conjuration/Poison/Air       3
 V - a book of Power

   Spells                             Type                      Level
   a - Iskenderun's Battlesphere      Conjuration/Charms           5
   b - Venom Bolt                     Conjuration/Poison           5
   c - Bolt of Magma                  Conjuration/Fire/Earth       5
   d - Iron Shot                      Conjuration/Earth            6
   e - Orb of Destruction             Conjuration                  7
   f - Spellforged Servitor           Conjuration/Summoning        7


   Skills:
 + Level 6.4 Fighting
 + Level 8.7 Short Blades
 - Level 1.5 Throwing
 - Level 1.1 Dodging
 + Level 12.7 Stealth


You had 8 spell levels left.
You didn't know any spells.

Dungeon Overview and Level Annotations

Branches:
Dungeon (7/15)             Temple (1/1) D:7

Altars:
Ashenzari
Cheibriados
Dithmenos
Elyvilon
Fedhas
Gozag
Hepliaklqana
Kikubaaqudgha
Makhleb
Nemelex Xobeh
Okawaru
Qazlal
Ru
Sif Muna
Trog
Uskayaw
Vehumet
Xom
Yredelemnul
Zin

Annotations:
D:4 Grinder


Innate Abilities, Weirdness & Mutations

You heal slowly.
You have razor-sharp teeth.
You have supernaturally acute eyesight. (SInv)
You can survive without breathing.


Message History

* * * LOW HITPOINT WARNING * * *
Firing (i - inventory. (,) - cycle):
u - 4 needles of confusion (quivered)
Press: ? - help, Shift-Dir - straight line, f/p - crocodile
Aim: a crocodile (almost dead)
You shoot a needle of confusion.
The needle of confusion hits the crocodile.
The crocodile resists.
The crocodile is almost dead.
The crocodile bites you!
* * * LOW HITPOINT WARNING * * *
Firing (i - inventory. (,) - cycle):
u - 3 needles of confusion (quivered)
Press: ? - help, Shift-Dir - straight line, f/p - crocodile
Aim: a crocodile (almost dead)
You shoot a needle of confusion.
The needle of confusion hits the crocodile.
The crocodile resists.
The crocodile is almost dead.
The crocodile bites you!
You die...
Kikubaaqudgha rasps: "You have failed me!
Welcome... oblivion!"

#..# ## #..# ##
#############..#####
#..........##......'
#..........##..#####
#..........##..# ##
#..........##..# ##
#..........##.%#
#..@t.....(....#####
#...................
#########...........
#...........
#...........
#...........
#.........(#
#...........
###########.


You could see a crocodile.

Vanquished Creatures
  Joseph (D:7)
  Prince Ribbit (D:7)
  A hippogriff (D:7)
  Duvessa (D:6)
  2 phantoms
  3 centaurs (D:5)
  3 ogres
  3 bullfrogs
  Dowan (D:6)
  2 scorpions
  3 killer bees
  2 howler monkeys
  A centaur zombie (D:5)
  2 crimson imps (D:6)
  2 hounds
  Crazy Yiuf (D:3)
  A bullfrog skeleton (D:7)
  An iguana (D:7)
  An orc wizard (D:6)
  Natasha (twice) (D:3)
  A worker ant (D:6)
  2 hound zombies
  8 adders
  2 shadow imps
  3 adder zombies
  An adder skeleton (D:5)
  A worm (D:2)
  A dart slug (D:1)
  10 leopard geckos
  17 orcs
  5 giant cockroaches
  5 goblins
  8 hobgoblins
  12 jackals
  10 kobolds
  6 quokkas
  6 ball pythons
  11 bats
  3 frilled lizards
  A leopard gecko zombie (D:7)
  8 rats
  2 fungi (D:3)
157 creatures vanquished.

Vanquished Creatures (others)
  A quokka (D:3)
  A fungus (D:3)
2 creatures vanquished.

Grand Total: 159 creatures vanquished

Notes
Turn   | Place    | Note
-------+----------+-------------------------------------------
     0 | D:1      | Gorglomux the Vampire Assassin began the quest for the Orb.
     0 | D:1      | Reached XP level 1. HP: 16/16 MP: 1/1
    16 | D:1      | Reached skill level 6 in Stealth
   358 | D:1      | Reached XP level 2. HP: 20/22 MP: 2/2
   909 | D:1      | Reached skill level 3 in Short Blades
  1069 | D:1      | Reached XP level 3. HP: 11/27 MP: 3/3
  1638 | D:2      | Reached skill level 7 in Stealth
  2091 | D:2      | Reached XP level 4. HP: 33/33 MP: 4/4
  2836 | D:3      | Found a white marble altar of Elyvilon.
  3318 | D:3      | Noticed Natasha
  3326 | D:3      | Killed Natasha
  3326 | D:3      | Reached XP level 5. HP: 30/38 MP: 5/5
  3589 | D:3      | Found a stormy altar of Qazlal.
  3713 | D:3      | Noticed Natasha
  3723 | D:3      | Killed Natasha
  3723 | D:3      | Reached skill level 8 in Stealth
  3972 | D:3      | Found a runed door.
  4591 | D:3      | Noticed Crazy Yiuf
  4595 | D:3      | Killed Crazy Yiuf
  4697 | D:4      | Noticed a phantom
  4699 | D:4      | Killed a phantom
  4699 | D:4      | Reached skill level 3 in Fighting
  4699 | D:4      | Reached XP level 6. HP: 47/47 MP: 6/6
  4726 | D:4      | Noticed Grinder
  4829 | D:5      | Entered Level 5 of the Dungeon
  4886 | D:5      | Found a sacrificial altar of Ru.
  5221 | D:5      | HP: 2/47 [centaur (8)]
  5228 | D:5      | Reached skill level 9 in Stealth
  5331 | D:5      | Found a sparkling altar of Nemelex Xobeh.
  5492 | D:5      | Reached XP level 7. HP: 25/53 MP: 7/7
  5704 | D:5      | Reached skill level 6 in Short Blades
  5757 | D:5      | Reached skill level 10 in Stealth
  6440 | D:5      | Reached XP level 8. HP: 54/61 MP: 8/8
  6470 | D:6      | Noticed Dowan
  6471 | D:6      | Noticed Duvessa
  8425 | D:6      | Killed Duvessa
  8443 | D:6      | Killed Dowan
  8798 | D:6      | Reached skill level 11 in Stealth
  9151 | D:6      | Found a hazy altar of Hepliaklqana.
  9151 | D:6      | Found an iron altar of Okawaru.
  9151 | D:6      | Found an opulent altar of Gozag.
 10151 | D:7      | Noticed a hippogriff
 10153 | D:7      | Found a shattered altar of Ashenzari.
 10155 | D:7      | Killed a hippogriff
 10155 | D:7      | Reached skill level 12 in Stealth
 10170 | D:7      | Noticed Joseph
 10207 | D:7      | Killed Joseph
 10207 | D:7      | Reached skill level 6 in Fighting
 10207 | D:7      | Reached XP level 9. HP: 46/69 MP: 9/9
 10474 | D:7      | Noticed Prince Ribbit
 10479 | D:7      | Killed Prince Ribbit
 10614 | D:7      | Found a staircase to the Ecumenical Temple.
 10645 | Temple   | Entered the Ecumenical Temple
 10825 | Temple   | Became a worshipper of Kikubaaqudgha
 11838 | D:7      | Mangled by a crocodile

Skill      XL: |  1  2  3  4  5  6  7  8 |
---------------+-------------------------+-----
Stealth        | 6 7 8 9 10 12 | 12.7
Short Blades   | 3 4 5 6 8 |  8.7
Fighting       | 3 4 6 |  6.4
Throwing       | |  1.5
Dodging        | |  1.1

Action                   |  1- 3 |  4- 6 |  7- 9 || total
-------------------------+-------+-------+-------++-------
Melee: Dagger            |   129 |   228 |   416 ||   773
       Bite              |     8 |    15 |    50 ||    73
       Unarmed           |       |    13 |    37 ||    50
 Fire: Blowgun           |     3 |     5 |    75 ||    83
 Abil: End Transformatio |       |     2 |     8 ||    10
       Bat Form          |       |     2 |     8 ||    10
Evoke: Wand              |       |       |     1 ||     1
  Use: Potion            |     8 |     9 |    13 ||    30
       Scroll            |       |     1 |     6 ||     7
 Stab: Sleeping          |    17 |    17 |     9 ||    43
       Distracted        |       |       |     3 ||     3
       Confused          |       |       |     3 ||     3
Armor: Robe              |   145 |    31 |    58 ||   234
Dodge: Dodged            |   248 |   127 |   220 ||   595
